 Dungeon Crawl Stone Soup version 0.31-a0-182-gc5ef74bbde (webtiles) character file.

Game seed: 16748716064136464771

5 qw the Shield-Bearer (level 1, -2/14 HPs)
             Began as a Gargoyle Fighter on June 21, 2023.
             Slain by a gnoll
             ... wielding a +0 flail
              (9 damage)
             ... on level 1 of the Dungeon.
             The game lasted 00:00:06 (275 turns).

qw the Shield-Bearer (Gargoyle Fighter)              Turns: 275, Time: 00:00:06

Health: -2/14      AC:  9    Str: 19    XL:     1   Next: 80%
Magic:  1/1        EV:  9    Int:  8    God:
Gold:   16         SH:  4    Dex:  9    Spells: 0/0 levels left

rFire   . . .        a - +0 war axe
rCold   . . .        c - +0 buckler
rNeg    + . .        b - +0 scale mail
rPois   inf          (no helmet)
rElec   +            (no cloak)
rCorr   .            (no gloves)
SInv    .            (no boots)
Will    .....        (no amulet) Stlth
                     (no ring)
HPRegen 0.22/turn    (no ring)
MPRegen 0.07/turn

%: no passive effects
@: no status effects
A: sickness immunity, AC +2, negative energy resistance 1, electricity
resistance, torment resistance 1, petrification resistance
a: no special abilities


You were on level 1 of the Dungeon.
You visited 1 branch of the dungeon, and saw 1 of its levels.

You collected 16 gold pieces.


Innate Abilities, Weirdness & Mutations

You are immune to sickness and miasma.
Your stone body is resilient. (AC +2)
You are immune to poison.
You resist negative energy. (rN+)
You are resistant to electric shocks. (rElec)
You are resistant to unholy torment.
You are immune to petrification.


   Skills:
 - Level 3.2 Fighting
 + Level 2.2 Axes
 - Level 3.2 Armour
 - Level 3.2 Shields


You couldn't memorise any spells.
You didn't know any spells.
Your spell library was empty.

Inventory:

Hand Weapons
 a - a +0 war axe (weapon)
Armour
 b - a +0 scale mail (worn)
 c - a +0 buckler (worn)
 e - a +2 buckler
Scrolls
 h - 2 scrolls of teleportation {unknown}
Potions
 d - a potion of might
 f - a potion of invisibility {unknown}
 g - a potion of attraction {unknown}

Dungeon Overview and Level Annotations

Branches:
Dungeon (1/15)

Altars:


Message History

An endoplasm comes into view.
The endoplasm quivers.
Enter note: You slash the endoplasm!
You kill the endoplasm!
g - a fizzy dark potion
Enter note: You open the door.
There is an open door here.
There is an open door here.
Found 6 poisoned darts.
Enter note:
h - a scroll labelled KAIL UKEIN
Enter note: You now have 9 gold pieces.
An endoplasm comes into view.
Found a faded altar of an unknown god.
The endoplasm quivers.
Enter note:
Enter note: You hit the endoplasm.
The endoplasm is almost dead.
You block the endoplasm's attack. The endoplasm closely misses you.
You slash the endoplasm!
You kill the endoplasm!
h - 2 scrolls labelled KAIL UKEIN (gained 1)
You now have 16 gold pieces (gained 7).
A gnoll comes into view. It is wielding a +0 flail.
The gnoll shouts!
Enter note:
Enter note: You barely miss the gnoll.
You block the gnoll's attack. The gnoll hits you with a +0 flail!
Ouch! That really hurt!
You closely miss the gnoll. You block the gnoll's attack.
You barely miss the gnoll. The gnoll hits you but does no damage.
The gnoll hits you with a +0 flail!
Ouch! That really hurt!
You die...

.# ############.##
.7..\?.\.....\.#
+....^.........#
...............#
.8..\..\..8..8.# #
........g......#
###
..........@......#
...+
.......7..7.....7.#
####
?.................#
#
..................#
#
#...8..7.....7....#
#
#................#
#+..............#
#....7..\..\.._.#
###.###..##.#######


You could see a gnoll.

Vanquished Creatures
  3 endoplasms (D:1)
  A quokka (D:1)
4 creatures vanquished.

Notes
Turn   | Place    | Note
-------+----------+-------------------------------------------
     0 | D:1      | qw the Gargoyle Fighter began the quest for the Orb.
     0 | D:1      | Reached XP level 1. HP: 14/14 MP: 1/1
     0 | D:1      | 0 ||| qw: Version: 0.3-a-9-g12657ce
     0 | D:1      | 0 ||| qw: Game counter: 1523
     0 | D:1      | 0 ||| qw: Always use a shield: true
     0 | D:1      | 0 ||| qw: God list: Okawaru
     0 | D:1      | 0 ||| qw: Allow faded altars: false
     0 | D:1      | 0 ||| qw: Do Orc after D:15 true
     0 | D:1      | 0 ||| qw: Do second Lair branch before Depths: true
     0 | D:1      | 0 ||| qw: Lair rune preference: random
     0 | D:1      | 0 ||| qw: Plans: Normal, Zot:1-4, Slime:5, God:TSO, Crypt,
                  | Tomb, Abyss, Pan, Hells, Win
     0 | D:1      | 0 ||| PLANNING D:1-11
   245 | D:1      | Found a faded altar of an unknown god.
   275 | D:1      | Slain by a gnoll

Levels and vault maps discovered:
D:1:      dpeg_arrival_round_a, layout_loops_corners,
          hellmonk_ecumenical_altar_arch_garden,
          amcnicky_mini_rare_corridor_liquid

Skill      XL: |  1 |
---------------+----+-----
Axes           | 2 |  2.2
Fighting       | |  3.2
Armour         | |  3.2
Shields        | |  3.2

Action                     || total
---------------------------++-------
  Melee: War axe           ||     9
 Armour: Scale mail        ||     2
  Dodge: Dodged            ||     1
  Block: Buckler           ||     3

Table legend:
 A = Non-vault XP
 B = Vault XP
 C = Vault XP percentage of total XP
 D = Non-vault monster count
 E = Vault monster count
 F = Vault count percentage of total count
                 A         B        C        D         E       F
            +---------+---------+-------+---------+---------+-------
      Total |       8 |       0 |   0.0 |       4 |       0 |   0.0
            +---------+---------+-------+---------+---------+-------
        D:1 |       8 |       0 |   0.0 |       4 |       0 |   0.0
            +---------+---------+-------+---------+---------+-------
